 Dungeon Crawl Stone Soup version 0.25-a0-591-g2ad0d861f1 (webtiles) character file.

Game seed: 8167825312217025166, levelgen mode: deterministic

318 kae the Gusty (level 6, -3/32 HPs)
             Began as a Tengu Air Elementalist on Mar 13, 2020.
             Was an Initiate of Vehumet.
             Slain by an ice beast (11 damage)
             ... on level 5 of the Dungeon.
             The game lasted 00:04:15 (4564 turns).

kae the Gusty (Tengu Air Elementalist)              Turns: 4564, Time: 00:04:15

Health: -3/32      AC:  4    Str:  8    XL:     6   Next: 45%
Magic:  0/12       EV: 12    Int: 18    God:    Vehumet [......]
Gold:   45         SH:  0    Dex: 14    Spells: 3/11 levels left

rFire    . . .     SeeInvis .   b - +0 mace
rCold    . . .     Gourm    .   (no shield)
rNeg     . . .     Faith    .   a - +0 robe
rPois    .         Spirit   .   u - +1 hat
rElec    .         Reflect  .   (no cloak)
rCorr    .         Harm     .   o - +0 pair of gloves
MR       .....     Rnd*Tele +   (boots unavailable)
Stlth    +++.......             (no amulet)
HPRegen  0.10/turn              q - ring of teleportation (curse)
MPRegen  0.13/turn              (no ring)

@: very slightly contaminated
A: beak, talons 3, able to fly
a: Fly, Renounce Religion


You were on level 5 of the Dungeon.
You worshipped Vehumet.
Vehumet was noncommittal.
You were near starving.

You visited 2 branches of the dungeon, and saw 6 of its levels.

You collected 192 gold pieces.
You spent 147 gold pieces at shops.

Inventory:

Hand Weapons
 b - a +0 mace (weapon)
 f - a +1 dagger of holy wrath
Armour
 a - a +0 robe (worn)
 o - a +0 pair of gloves (worn)
 u - a +1 hat (worn)
Jewellery
 q - a cursed ring of teleportation (left hand)
Scrolls
 e - a scroll of enchant weapon {unknown}
 g - a scroll of amnesia
Potions
 d - a potion of lignification
 h - 2 potions of curing
 i - a potion of berserk rage
 j - 3 potions of flight
 k - a potion of ambrosia
 m - a potion of mutation
 n - a potion of stabbing {unknown}
 p - 4 potions of resistance {unknown}
 r - a potion of heal wounds {unknown}
 t - a potion of haste {unknown}
Comestibles
 c - 6 rations


   Skills:
 - Level 2.1 Dodging
 + Level 3.8 Stealth
 + Level 3.3 Spellcasting
 - Level 2.0 Conjurations
 * Level 7.1 Air Magic


You had 3 spell levels left.
You knew the following spells:

 Your Spells              Type           Power        Failure   Level  Hunger
a - Shock                 Conj/Air       ###.         2%          1    None
b - Static Discharge      Conj/Air       ###.....     8%          3    ###....
c - Airstrike             Air            ####......   9%          4    ####...

Your spell library contained the following spells:

 Spells                   Type           Power        Failure   Level  Hunger
 Swiftness                Chrm/Air       ###.....     5%          2    ##.....
 Lightning Bolt           Conj/Air       ###.......   56%         5    ######.


Dungeon Overview and Level Annotations

Branches:
Dungeon (5/15)             Temple (1/1) D:4

Altars:
Cheibriados
Dithmenos
Elyvilon
Fedhas
Gozag
Kikubaaqudgha
Makhleb
Nemelex Xobeh
Okawaru
Qazlal
Sif Muna
Trog
Uskayaw
Vehumet
Wu Jian
Xom
Zin
The Shining One

Shops:
D:4 ([


Innate Abilities, Weirdness & Mutations

You have a beak for a mouth.
You have claws for feet.
You can fly continuously.


Message History

Confirm with . or Enter, or press ? or * to list all spells.
Aiming: Shock (safe; 2% risk of failure)
Press: ? - help, Shift-Dir - straight line, f/p - ice beast
Aim: an ice beast (severely wounded)
The zap misses the ice beast.
The ice beast hits you. The ice beast freezes you!
* * * LOW HITPOINT WARNING * * *
Casting: Shock (safe; 2% risk of failure)
Confirm with . or Enter, or press ? or * to list all spells.
You don't have enough magic to cast that spell.
Casting: Shock (safe; 2% risk of failure)
Confirm with . or Enter, or press ? or * to list all spells.
You don't have enough magic to cast that spell.
You hit the ice beast.
You peck the ice beast, but do no damage.
The ice beast is almost dead.
The ice beast hits you.
* * * LOW HITPOINT WARNING * * *
The ice beast freezes you!
You die...

#.#...#.#
#.#...#.#
#.#...#.#
#....##.#
###.###.# #
#.###.# ...
#..<..# #....
#.########......
#.......@Y...#
##########......
.$#.# ##


You could see an ice beast.

Vanquished Creatures
  2 bullfrog skeletons
  Natasha (thrice) (D:2)
  Terence (D:3)
  A worker ant (D:4)
  Robin (D:2)
  4 adders
  An adder zombie (D:5)
  2 worms
  A dart slug (D:2)
  3 leopard geckos
  5 orcs
  6 giant cockroaches
  11 goblins
  8 hobgoblins
  10 kobolds
  A quokka (D:4)
  A ball python (D:2)
  8 bats
  2 frilled lizards
  12 rats
83 creatures vanquished.

Notes
Turn   | Place    | Note
-------+----------+-------------------------------------------
     0 | D:1      | kae the Tengu Air Elementalist began the quest for the Orb.
     0 | D:1      | Reached XP level 1. HP: 10/10 MP: 4/4
   269 | D:1      | Reached XP level 2. HP: 15/15 MP: 1/6
   828 | D:2      | Noticed Natasha
   853 | D:2      | Killed Natasha
   853 | D:2      | Reached skill level 5 in Air Magic
   853 | D:2      | Reached XP level 3. HP: 19/19 MP: 0/7
   954 | D:2      | Reached XP level 4. HP: 24/24 MP: 0/8
  1031 | D:2      | Learned a level 3 spell: Static Discharge
  1036 | D:2      | Learned a level 4 spell: Airstrike
  1149 | D:2      | Noticed Natasha
  1156 | D:2      | Killed Natasha
  1265 | D:2      | Noticed Robin
  1272 | D:2      | Killed Robin
  1570 | D:2      | Noticed Natasha
  1576 | D:2      | Killed Natasha
  1576 | D:2      | Reached skill level 6 in Air Magic
  1576 | D:2      | Gained mutation: You can fly continuously. [Tengu growth]
  1576 | D:2      | Reached XP level 5. HP: 28/28 MP: 5/10
  2011 | D:3      | Noticed Terence
  2327 | D:3      | Killed Terence
  2664 | D:3      | Found a snail-covered altar of Cheibriados.
  2838 | D:4      | Reached XP level 6. HP: 9/32 MP: 2/11
  3391 | D:4      | Found a stormy altar of Qazlal.
  3574 | D:4      | Found a staircase to the Ecumenical Temple.
  3603 | D:4      | Found Osac's Antique Armour Shop.
  3613 | D:4      | Bought an embroidered hat for 147 gold pieces
  3627 | Temple   | Entered the Ecumenical Temple
  3729 | Temple   | Became a worshipper of Vehumet
  4020 | D:4      | Found Miem's Weapon Shop.
  4211 | D:5      | Entered Level 5 of the Dungeon
  4239 | D:5      | Reached skill level 7 in Air Magic
  4298 | D:5      | Noticed an orc warrior
  4307 | D:5      | Found a glowing golden altar of the Shining One.
  4553 | D:5      | Noticed an ice beast
  4564 | D:5      | Slain by an ice beast

Levels and vault maps discovered:
D:1:      dpeg_arrival_subterranean_lakeside_camping, layout_rooms
D:2:      layout_basic, uniq_natasha, uniq_robin
D:3:      layout_rooms, marbit_many_paths, first_ration, dk_noncrumbling_3,
          uniq_terence
D:4:      layout_basic, old_standard_altar, minmay_temple_entry_sparse_star,
          serial_shops, nicolae_shop_overgrown_old_shop, kennysheep_mini_moat
D:5:      layout_loops_corners, lemuel_crystal_altar, basic_altar
Temple:   lightli_temple_of_artemis

Skill      XL: |  1  2  3  4  5  6 |
---------------+-------------------+-----
Conjurations   | 2 |  2.0
Air Magic      | 5 6 7 |  7.1
Stealth        | 3 |  3.8
Spellcasting   | 3 |  3.3
Dodging        | |  2.1

Action                   |  1- 3 |  4- 6 || total
-------------------------+-------+-------++-------
Melee: Unarmed           |     6 |       ||     6
       Kick              |     4 |    12 ||    16
       Mace              |     7 |    45 ||    52
       Peck              |     1 |     1 ||     2
 Cast: Shock             |    50 |   126 ||   176
       Static Discharge  |       |     2 ||     2
  Use: Scroll            |     1 |    12 ||    13
 Stab: Sleeping          |       |     1 ||     1
  Eat: Chunk             |       |     7 ||     7
       Ration            |       |     1 ||     1
Armor: Robe              |     9 |     8 ||    17
Dodge: Dodged            |    20 |    52 ||    72

Table legend:
 A = Non-vault XP
 B = Vault XP
 C = Vault XP percentage of total XP
 D = Non-vault monster count
 E = Vault monster count
 F = Vault count percentage of total count
                 A         B        C        D         E       F
            +---------+---------+-------+---------+---------+-------
      Total |     333 |     122 |  26.8 |      66 |      17 |  20.5
            +---------+---------+-------+---------+---------+-------
        D:1 |      21 |       9 |  30.0 |      15 |       6 |  28.6
        D:2 |     120 |      64 |  34.8 |      24 |       9 |  27.3
        D:3 |      39 |      49 |  55.7 |      14 |       2 |  12.5
        D:4 |     105 |       0 |   0.0 |      10 |       0 |   0.0
        D:5 |      48 |       0 |   0.0 |       3 |       0 |   0.0
            +---------+---------+-------+---------+---------+-------
